 Dungeon Crawl Stone Soup version 0.31-a0-1309-gbf3fed316f (webtiles) character file.

Game seed: 18203287661451988574

1534 Conn the Sneak (level 8, 0/46 HPs)
             Began as an Octopode Fire Elementalist on Dec 20, 2023.
             Slain by an orc warrior
             ... wielding a +4 battleaxe
              (17 damage)
             ... on level 6 of the Dungeon.
             The game lasted 00:13:25 (5735 turns).

Conn the Sneak (Octopode Fire Elementalist)         Turns: 5735, Time: 00:13:25

Health: 0/46       AC:  5    Str:  7    XL:     8   Next: 86%
Magic:  2/13       EV: 14    Int: 20    God:
Gold:   274        SH:  0    Dex: 12    Spells: 2/14 levels left

rFire   . . .        h - +3 quarterstaff (drain)
rCold   . . .        (shield currently unavailable)
rNeg    . . .        j - +0 hat
rPois   .            (no amulet)
rElec   .            d - +4 ring of protection
rCorr   .            (no ring)
SInv    .            (no ring)
Will    .....        (no ring)
Stlth   ++++         (no ring)
HPRegen 0.27/turn    (no ring)
MPRegen 0.13/turn    (no ring)
                     (no ring)

%: no passive effects
@: inugami summoned
A: almost no armour, amphibious, 8 rings, camouflage 1, gelatinous body 1,
(nimble swimmer 1), tentacles
a: no special abilities


You were on level 6 of the Dungeon.
You visited 2 branches of the dungeon, and saw 8 of its levels.

You collected 274 gold pieces.

Inventory:

Hand Weapons
 b - a +0 short sword
 h - a +3 quarterstaff of draining (weapon)
Missiles
 i - 2 throwing nets
Armour
 j - a +0 hat (worn)
 s - a +0 buckler
Jewellery
 d - a +4 ring of protection (left tentacle)
Wands
 k - a wand of charming (6)
Scrolls
 c - a scroll of fear
 f - 2 scrolls of immolation
 n - a scroll of fog {unknown}
 p - a scroll of vulnerability
 q - a scroll of torment
 t - a scroll of brand weapon {unknown}
 u - a scroll of revelation
 w - 2 scrolls of enchant weapon
 y - a scroll of noise {unknown}
Potions
 a - a potion of magic
 e - a potion of might {unknown}
 l - a potion of brilliance
 m - a potion of heal wounds
 o - a potion of degeneration {unknown}
 r - a potion of enlightenment {unknown}
 v - 2 potions of curing
 x - a potion of mutation {unknown}


   Skills:
 + Level 4.1 Dodging
 + Level 5.7 Stealth
 * Level 3.5 Shields
 + Level 3.7 Spellcasting
 * Level 4.8 Conjurations
 + Level 2.9 Hexes
 + Level 1.6 Summonings
 + Level 4.7 Fire Magic
 + Level 2.6 Earth Magic


You had 2 spell levels left.
You knew the following spells:

 Your Spells              Type           Power      Damage    Failure   Level
a - Foxfire               Conj/Fire      88%        2x1d8     1%          1
b - Scorch                Fire           44%        2d6       2%          2
c - Inner Flame           Hex/Fire       19%        N/A       9%          3
d - Stone Arrow           Conj/Erth      36%        3d9       9%          3
e - Call Canine Familiar  Summ           10%        N/A       21%         3

Your spell library contained the following spells:

 Spells                   Type           Power      Damage    Failure   Level
 Shock                    Conj/Air       52%        1d6       4%          1
 Summon Small Mammal      Summ           40%        N/A       7%          1
 Apportation              Tloc           6%         N/A       13%         1
 Necrotise                Necr           12%        1d4       13%         1
 Sigil of Binding         Hex            15%        N/A       12%         3
 Volatile Blastmotes      Fire/Tloc      26%        2d12      16%         3
 Flame Wave               Conj/Fire      22%        2d8       19%         4
 Swiftness                Air            3%         N/A       36%         3
 Vampiric Draining        Necr           3%         2d6       36%         3
 Dimensional Bullseye     Hex/Tloc       4%         N/A       56%         4
 Airstrike                Air            1%         2d(1-17)  78%         4
 Agony                    Necr           3%         N/A       98%         5
 Lehudib's Crystal Spear  Conj/Erth      9%         10d4      100%        8
 Animate Armour           Summ/Erth      Unusable   N/A       N/A         4

Dungeon Overview and Level Annotations

Branches:
Dungeon (7/15)             Temple (1/1) D:6

Altars:
Ashenzari
Elyvilon
Fedhas
Hepliaklqana
Kikubaaqudgha
Makhleb
Nemelex Xobeh
Okawaru
Qazlal
Ru
Trog
Vehumet
Xom
Yredelemnul
Zin
The Shining One


Innate Abilities, Weirdness & Mutations

You cannot wear most types of armour.
You are amphibious.
You can wear up to eight rings at the same time.
Your skin changes colour to match your surroundings (Stealth+).
Your rubbery body absorbs attacks. (AC +1, EV +1)
((You are camouflaged when in or above water. (Stealth+)))
You have tentacles for arms and can constrict up to eight enemies at once.


Message History

You constrict the orc priest.
You kill the orc priest!
The orc warrior closely misses you. The orc hits you but does no damage.
The orc hits you with a +0 club. The orc warrior completely misses you.
Unknown command.
Casting: Scorch (safe; 2% risk of failure)
Confirm with . or Enter, or press ? or * to list all spells.
Okay, then.
Unknown command.
Unknown command.
You release your grip on the orc warrior.
The orc hits you with a +0 short sword. The orc misses you.
Unknown command.
Unknown command.
Unknown command.
Unknown command.
Casting: Scorch (safe; 2% risk of failure)
Confirm with . or Enter, or press ? or * to list all spells.
Flames lash the orc warrior but do no damage.
Casting: Scorch (safe; 2% risk of failure)
Confirm with . or Enter, or press ? or * to list all spells.
Flames lash the orc warrior.
The orc warrior is heavily wounded.
The orc warrior's fire resistance burns away.
Casting: Scorch (safe; 2% risk of failure)
Confirm with . or Enter, or press ? or * to list all spells.
Flames lash the orc.
You kill the orc!
The orc warrior hits you with a +4 battleaxe!
Casting: Scorch (safe; 2% risk of failure)
Confirm with . or Enter, or press ? or * to list all spells.
Flames lash the orc warrior.
The orc warrior is burned terribly!
The orc warrior is severely wounded.
The orc warrior closely misses you.
Casting: Scorch (safe; 2% risk of failure)
Confirm with . or Enter, or press ? or * to list all spells.
You call for your canine familiar and it appears with a howl!
The orc warrior hits you with a +4 battleaxe!
You die...

#.###.###..# ##..#..
#####..##..####..###
#..#.........#.).# #
##...##.#####....#
##.####.# #...)# #.##
#.# #..... . ### ##.#
#.##.... #######..##
#.##....
#.h.@oo)..###..##....
########.......#.....
#.o.###....... ##o.##
#.o## #.)# ...## ##..
##.


You could see an orc warrior (combustible, drained, ally target), an orc and a
friendly inugami (summoned).

Vanquished Creatures
  Sigmund (D:6)
  An ice beast (D:6)
  4 centaurs (D:6)
  An ogre (D:6)
  A phantom (D:6)
  2 scorpions
  A wight (D:6)
  3 jellies
  2 gnoll boudas (D:6)
  An orc priest (D:6)
  A hound (D:5)
  2 iguanas
  2 orc wizards (D:5)
  A sleepcap (D:4)
  7 gnolls
  12 adders
  A shadow imp (D:6)
  2 white imps (D:6)
  A worm (D:2)
  3 dart slugs
  16 orcs
  6 endoplasms
  4 giant cockroaches
  7 hobgoblins
  8 jackals
  A quokka (D:1)
  8 ball pythons
  5 bats
  4 frilled lizards
  12 goblins
  12 kobolds
  6 rats
138 creatures vanquished.

Vanquished Creatures (others)
  414 foxfires
414 creatures vanquished.

Grand Total: 552 creatures vanquished

Notes
Turn   | Place    | Note
-------+----------+-------------------------------------------
     0 | D:1      | Conn the Octopode Fire Elementalist began the quest for the
                  | Orb.
     0 | D:1      | Reached XP level 1. HP: 11/11 MP: 3/3
   102 | D:1      | Reached XP level 2. HP: 17/17 MP: 0/5
   119 | D:1      | Reached skill level 3 in Stealth
   519 | D:1      | Reached XP level 3. HP: 21/21 MP: 3/6
   767 | D:2      | Learned a level 2 spell: Scorch
   771 | D:2      | Learned a level 3 spell: Inner Flame
   771 | D:2      | Found a radiant altar of Vehumet.
  1335 | D:2      | Reached XP level 4. HP: 26/27 MP: 4/7
  2008 | D:3      | Reached XP level 5. HP: 30/31 MP: 8/8
  2319 | D:3      | Found a faded altar of an unknown god.
  2328 | D:3      | Reached skill level 1 in Hexes
  2704 | D:3      | Learned a level 3 spell: Stone Arrow
  2847 | D:4      | Reached skill level 4 in Stealth
  3297 | D:4      | Reached XP level 6. HP: 36/36 MP: 5/10
  3633 | D:5      | Entered Level 5 of the Dungeon
  3666 | D:5      | Reached skill level 1 in Earth Magic
  3777 | D:6      | Reached skill level 1 in Shields
  3777 | D:6      | Reached XP level 7. HP: 26/41 MP: 11/11
  3787 | D:6      | Reached skill level 5 in Stealth
  3958 | D:6      | Learned a level 3 spell: Call Canine Familiar
  4071 | D:6      | Reached XP level 8. HP: 46/46 MP: 6/13
  4178 | D:6      | Noticed Sigmund
  4186 | D:6      | Killed Sigmund
  4324 | D:6      | Found a staircase to the Ecumenical Temple.
  4332 | Temple   | Entered the Ecumenical Temple
  4446 | D:6      | Reached skill level 1 in Summonings
  5735 | D:6      | Slain by an orc warrior

Illustrated notes

Levels and vault maps discovered:
D:1:      minmay_arrival_loop, layout_rooms, serial_park_tiny_pond
D:2:      layout_basic, basic_altar
D:3:      layout_loops_ring, shapermc_ecumenical_altar_notcrosses
D:4:      layout_cave_pools
D:5:      layout_basic
D:6:      hangedman_cross_stitches, layout_layer_cave,
          minmay_temple_entry_mini_moons, uniq_sigmund
D:7:      layout_cave_pods, nicolae_uskayaw_suspiria, grunt_livestock,
          grunt_ministairs_12, serial_bayou_pond_d
Temple:   nicolae_temple_slightly_damp_pantheon

Skill      XL: |  1  2  3  4  5  6  7  8 |
---------------+-------------------------+-----
Stealth        | 3 4 5 |  5.7
Conjurations   | 2 3 4 |  4.8
Hexes          | 1 2 |  2.9
Dodging        | 3 4 |  4.1
Earth Magic    | 1 2 |  2.6
Shields        | 1 2 3 |  3.5
Spellcasting   | 3 |  3.7
Fire Magic     | 4 |  4.7
Summonings     | 1 |  1.6

Action                     |  1- 3 |  4- 6 |  7- 9 || total
---------------------------+-------+-------+-------++-------
  Melee: Short sword       |    23 |     5 |       ||    28
         Tentacles         |     4 |     7 |     7 ||    18
         Constrict         |     9 |    12 |     9 ||    30
         Quarterstaff      |       |    43 |    29 ||    72
   Cast: Foxfire           |    51 |   105 |    79 ||   235
         Inner Flame       |       |     1 |     2 ||     3
         Scorch            |       |       |    20 ||    20
         Call Canine Famil |       |       |     1 ||     1
    Use: Potion            |       |     3 |     1 ||     4
         Scroll            |       |       |     6 ||     6
   Stab: Sleeping          |     4 |     6 |       ||    10
 Armour: Skin              |    23 |    22 |    31 ||    76
  Dodge: Dodged            |    34 |    37 |    39 ||   110

Table legend: (Time is in decaauts)
 A = Elapsed time spent in this place.
 B = Non-inter-level travel time spent in this place.
 C = Inter-level travel time spent in this place.
 D = Time resting spent in this place.
 E = Time spent auto-exploring this place.
 F = Levels seen in this place.
 G = Mean time per level.
                   A        B        C        D        E       F      G
               +--------+--------+--------+--------+--------+-----+--------+
         Total |   5757 |   5593 |    164 |     70 |   4130 |   8 |  719.6 |
       Dungeon |   5683 |   5519 |    164 |     70 |   4130 |   7 |  811.9 |
        Temple |     73 |     73 |      0 |      0 |      0 |   1 |   73.0 |
               +--------+--------+--------+--------+--------+-----+--------+

Top non-repeatable levels by time:
     D:6: 1272 daAuts
     D:2: 1020 daAuts
     D:3: 956 daAuts
     D:4: 907 daAuts
     D:5: 762 daAuts
     D:1: 762 daAuts
  Temple: 73 daAuts
     D:7: 1 daAuts
